 Dungeon Crawl Stone Soup version 0.29.1-2-gbd0b4ee654 (webtiles) character file.

Game seed: 7365547542946532096

58 Linkola the Conjurer (level 3, -3/19 HPs)
             Began as a Deep Elf Conjurer on Nov 4, 2022.
             Slain by Natasha (8 damage)
             ... on level 2 of the Dungeon.
             The game lasted 00:03:20 (1386 turns).

Linkola the Conjurer (Deep Elf Conjurer)            Turns: 1386, Time: 00:03:21

Health: -3/19      AC:  3    Str:  6    XL:     3   Next: 75%
Magic:  9/10       EV: 12    Int: 22    God:
Gold:   72         SH:  0    Dex: 13    Spells: 6/9 levels left

rFire   x . .      SeeInvis .   (no weapon)
rCold   + . .      Faith    .   (no shield)
rNeg    . . .      Spirit   .   a - +1 robe
rPois   .          Reflect  .   (no helmet)
rElec   .          Harm     .   (no cloak)
rCorr   .          Rampage  .   (no gloves)
Will    .....                   (no boots)
Stlth   ++........              (no amulet)
HPRegen 0.06/turn               e - ring of ice
MPRegen 0.12/turn               (no ring)

@: no status effects
A: no striking features
a: no special abilities


You were on level 2 of the Dungeon.
You visited 1 branch of the dungeon, and saw 2 of its levels.

You collected 72 gold pieces.

Inventory:

Armour
 a - a +1 robe (worn)
Jewellery
 e - a ring of ice (left hand)
Scrolls
 c - a scroll of teleportation
Potions
 b - a potion of magic


   Skills:
 + Level 2.6 Dodging
 + Level 2.9 Stealth
 + Level 3.5 Spellcasting
 + Level 5.5 Conjurations


You had 6 spell levels left.
You knew the following spells:

 Your Spells              Type           Power      Damage    Failure   Level
a - Magic Dart            Conj           100%       1d8       1%          1
b - Searing Ray           Conj           56%        2d6       1%          2

Your spell library contained the following spells:

 Spells                   Type           Power      Damage    Failure   Level
 Dazzling Flash           Conj/Hex       32%        N/A       12%         3
 Fulminant Prism          Conj/Hex       8%         3d7       36%         4
 Iskenderun's Mystic Bla  Conj/Tloc      16%        2d5       36%         4


Dungeon Overview and Level Annotations

Branches:
Dungeon (2/15)

Altars:

Annotations:
D:2 Natasha


Message History

Natasha closely misses you. The giant cockroach barely misses you.
You closely miss Natasha. Natasha closely misses you.
The giant cockroach bites you but does no damage.
You hit Natasha.
Natasha is lightly wounded.
The giant cockroach waves its antennae.
The giant cockroach closely misses you.
Natasha growls.
Natasha barely misses you.
You hit Natasha but do no damage.
Natasha is lightly wounded.
The giant cockroach bites you but does no damage.
Natasha stares at you and mumbles some strange words.
You resist with some effort.
You closely miss Natasha.
Natasha is lightly wounded.
The giant cockroach bites you but does no damage.
Natasha misses you.
You closely miss Natasha.
Natasha is lightly wounded.
The giant cockroach bites you but does no damage.
Natasha misses you.
The giant cockroach bites you but does no damage.
You miss Natasha.
Natasha is lightly wounded.
Natasha barely misses you. The giant cockroach misses you.
You barely miss Natasha.
Natasha is lightly wounded.
The giant cockroach closely misses you. Natasha claws you!
* * * LOW HITPOINT WARNING * * *
You are too injured to fight recklessly!
You are too injured to fight recklessly!
You are too injured to fight recklessly!
You are too injured to fight recklessly!
Aiming: Magic Dart (safe; 1% risk of failure)
Press: ? - help, Q - select action, (/) - cycle Shift-Dir - straight line, f - giant cockroach
Aim: a giant cockroach (100% to hit)
The magic dart hits the giant cockroach but does no damage.
The giant cockroach closely misses you. Natasha claws you!
You die...

###. ... #.####
#....# #...?#
#....#######
#..........# #
##..@#####.# #.###
#.hB# #.#.# ...#
#...# #.#.# ..
#...###.#.##########
#...##...†.....!...#
######.#####.####.##
#.......# #.##
#######.# #... ###
####


You could see Natasha and a giant cockroach.

Vanquished Creatures
  Natasha (D:2)
  An adder (D:2)
  5 ball pythons
  4 bats (D:1)
  2 endoplasms (D:1)
  2 giant cockroaches
  2 goblins (D:1)
  3 hobgoblins (D:1)
  2 frilled lizards
  A kobold (D:1)
  2 rats
25 creatures vanquished.

Notes
Turn   | Place    | Note
-------+----------+-------------------------------------------
     0 | D:1      | Linkola the Deep Elf Conjurer began the quest for the Orb.
     0 | D:1      | Reached XP level 1. HP: 10/10 MP: 6/6
   240 | D:1      | Reached XP level 2. HP: 15/15 MP: 6/8
   244 | D:1      | Learned a level 2 spell: Searing Ray
   472 | D:1      | Reached skill level 5 in Conjurations
   912 | D:1      | Found a faded altar of an unknown god.
  1193 | D:2      | Noticed Natasha
  1196 | D:2      | Killed Natasha
  1197 | D:2      | Reached XP level 3. HP: 19/19 MP: 5/9
  1368 | D:2      | Noticed Natasha
  1386 | D:2      | Slain by Natasha

Illustrated notes

Levels and vault maps discovered:
D:1:      lightli_arrival_quake, layout_basic, basic_ecumenical_altar
D:2:      minmay_chambers_of_ones, layout_basic, uniq_natasha, uniq_terence

Skill      XL: |  1  2 |
---------------+-------+-----
Conjurations   | 5 |  5.5
Dodging        | |  2.6
Stealth        | |  2.9
Spellcasting   | |  3.5

Action                   || total
-------------------------++-------
Melee: Unarmed           ||    12
 Cast: Magic Dart        ||    41
  Use: Scroll            ||     6
Armor: Robe              ||     9
Dodge: Dodged            ||    18
